 Dungeon Crawl Stone Soup version 0.30-a0-857-gcaf70739d4 (webtiles) character file.

Game seed: 18147678510327569294

2928 Demosthentine the Trooper (level 9, -6/63 HPs)
             Began as a Demonspawn Gladiator on Mar 5, 2023.
             Was a Follower of Hepliaklqana.
             Mangled by a shadow (11 damage)
             ... on level 11 of the Dungeon.
             The game lasted 00:08:01 (6812 turns).

Demosthentine the Trooper (Demonspawn Gladiator)    Turns: 6812, Time: 00:08:02

Health: -6/63      AC:  8    Str: 17    XL:     9   Next: 50%
Magic:  9/9        EV: 15    Int: 10    God:    Hepliaklqana [*.....]
Gold:   356        SH:  0    Dex: 18    Spells: 8/8 levels left

rFire   + . .      SeeInvis .    a - +1 trident
rCold   . . .      Faith    .    (no shield)
rNeg    . . .      Spirit   .    C - +1 leather armour {rF+}
rPois   .          Reflect  .    c - +1 helmet
rElec   .          Rampage  .    (no cloak)
rCorr   +                        q - +0 pair of gloves
Will    .....                    (no boots)
Stlth   ++                       j - amulet of magic regeneration
HPRegen 0.30/turn                h - ring of resist corrosion
MPRegen 0.51/turn                (no ring)

@: no status effects
A: reduced essence, hooves 2, thin skeletal structure 1, spiny 2
a: Renounce Religion, Recall Ancestor, Ancestor Identity


You were on level 11 of the Dungeon.
You worshipped Hepliaklqana.
Hepliaklqana was aware of your devotion.
You visited 2 branches of the dungeon, and saw 10 of its levels.

You collected 446 gold pieces.
You spent 90 gold pieces at shops.

Inventory:

Hand Weapons
 a - a +1 trident (weapon)
Missiles
 d - 4 throwing nets (quivered)
 e - a javelin
Armour
 c - a +1 helmet (worn)
 q - a +0 pair of gloves (worn)
 C - a +1 leather armour of fire resistance (worn)
 G - +0 steam dragon scales
Jewellery
 h - a ring of resist corrosion (left hand)
 j - an amulet of magic regeneration (around neck)
Wands
 b - a wand of mindburst (7)
 y - a wand of roots (8)
 B - a wand of polymorph (8)
 D - a wand of charming (15)
Scrolls
 g - a scroll of silence
 m - 2 scrolls of fear
 s - 3 scrolls of enchant weapon
 u - 2 scrolls of teleportation
 z - 3 scrolls of enchant armour
 A - a scroll of poison {unknown}
 E - 2 scrolls of identify
 F - a scroll of fog {unknown}
Potions
 f - 4 potions of resistance
 i - 2 potions of curing {unknown}
 k - 2 potions of brilliance
 l - a potion of heal wounds
 n - a potion of berserk rage
 o - 4 potions of lignification
 p - a potion of haste
 r - 2 potions of invisibility
 t - a potion of magic
 v - a potion of might
 w - a potion of degeneration {unknown}
 x - a potion of attraction {unknown}


   Skills:
 + Level 6.9 Fighting
 + Level 6.6 Polearms
 - Level 1.7 Throwing
 + Level 5.8 Armour
 + Level 6.6 Dodging


You had 8 spell levels left.
You didn't know any spells.
Your spell library contained the following spells:

 Spells                   Type           Power      Damage    Failure   Level
 Magic Dart               Conj           0%         1d3       41%         1
 Shock                    Conj/Air       0%         1d3       41%         1
 Summon Small Mammal      Summ           0%         N/A       41%         1
 Searing Ray              Conj           0%         2d4       56%         2
 Call Canine Familiar     Summ           0%         N/A       80%         3
 Summon Guardian Golem    Hex/Summ       0%         N/A       80%         3
 Swiftness                Air            0%         N/A       80%         3
 Airstrike                Air            0%         2d(0-16)  99%         4
 Fulminant Prism          Conj/Hex       0%         3d5       99%         4


Dungeon Overview and Level Annotations

Branches:
Dungeon (8/15)             Temple (1/1) D:7            Lair (0/5) D:11

Altars:
Ashenzari
Cheibriados
Dithmenos
Fedhas
Gozag
Hepliaklqana
Kikubaaqudgha
Makhleb
Nemelex Xobeh
Okawaru
Qazlal
Ru
Sif Muna
Uskayaw
Vehumet
Wu Jian
Xom
Yredelemnul

Shops:
D:1 [   D:3 *


Innate Abilities, Weirdness & Mutations

Your life essence is reduced to manifest your ancestor. (-10% HP)
You have hoof-like feet.
You have a somewhat thin skeletal structure. (Dex +2, Stealth+)
You are mostly covered in sharp spines.


Message History

You start resting.
You hear the crackling of a very distant melting archway.
Found a stone staircase leading down.
Found a morningstar.
You hear the crackling of a melting archway nearby.
You open the door.
Found a robe and 17 gold pieces.
There is an open door here.
You now have 356 gold pieces (gained 17).
You open the door.
Found a stone staircase leading up.
A shadow comes into view.
There is an open door here.
You barely miss the shadow. The shadow is struck by your spines.
The shadow closely misses you.
You barely miss the shadow.
The shadow is lightly damaged.
The shadow is struck by your spines. The shadow misses you.
You closely miss the shadow. You kick the shadow, but do no damage.
The shadow is heavily damaged.
The shadow hits you.
You hit the shadow but do no damage. You kick the shadow.
The shadow is heavily damaged.
The shadow hits you.
You closely miss the shadow.
The shadow is heavily damaged.
The shadow hits you.
You hit the shadow but do no damage.
The shadow is heavily damaged.
The shadow slips into darkness.
The shadow flickers and vanishes!
Deactivating autopickup; reactivate with Ctrl-A.
You closely miss something.
The shadow strikes at you from the darkness!
* * * LOW HITPOINT WARNING * * *
Reactivating autopickup.
You hit the shadow. You kick the shadow, but do no damage.
The shadow is heavily damaged.
The shadow hits you!
You die...

.. ... #. #..# #.
...## #. #. ##...##
#. # ##. ##.....## ..
###.#.. ##.......##
..
.......####.........#
. #.<.W@..'.........+
. #.....###.........#
#.....# ##.......##
###...# ##.[...##
##.## ##...## #.
##'## #.
#######.###### ..
.............#
#..####.####.#


You could see a shadow.

Vanquished Creatures
  A manticore (D:11)
  2 steam dragons (D:8)
  2 water moccasins
  An ice beast (D:8)
  2 orc warriors
  A sky beast (D:7)
  2 centaurs
  A gnoll sergeant (D:7)
  A kobold brigand (D:7)
  2 bullfrogs
  3 scorpions
  4 killer bees (D:8)
  A howler monkey (D:6)
  3 hounds
  3 jellies
  2 orc priests
  2 orc wizards
  3 iguanas
  17 gnolls
  5 adders
  A shadow imp (D:7)
  2 white imps
  5 dart slugs
  23 orcs
  6 ball pythons
  11 endoplasms
  4 giant cockroaches
  10 goblins
  9 hobgoblins
  5 jackals (D:3)
  4 kobolds
  3 quokkas
  6 bats
  A frilled lizard (D:1)
  6 rats
154 creatures vanquished.

Vanquished Creatures (collateral kills)
  A centaur (D:8)
  A killer bee (D:8)
  2 orc priests (D:8)
  An orc (D:8)
5 creatures vanquished.

Vanquished Creatures (others)
  10 plants (D:11)
10 creatures vanquished.

Grand Total: 169 creatures vanquished

Notes
Turn   | Place    | Note
-------+----------+-------------------------------------------
     0 | D:1      | Demosthentine the Demonspawn Gladiator began the quest for
                  | the Orb.
     0 | D:1      | Reached XP level 1. HP: 16/16 MP: 1/1
   130 | D:1      | Gained mutation: You have large cloven feet. [demonic
                  | ancestry]
   130 | D:1      | Reached XP level 2. HP: 11/22 MP: 2/2
   438 | D:1      | Found Xentuepn's Antique Armour Emporium.
   548 | D:1      | Found a faded altar of an unknown god.
   741 | D:1      | Reached skill level 1 in Armour
   926 | D:1      | Gained mutation: You are partially covered in sharp spines.
                  | [demonic ancestry]
   926 | D:1      | Reached XP level 3. HP: 28/28 MP: 3/3
  1885 | D:3      | Found a burning altar of Makhleb.
  1893 | D:3      | Found an opulent altar of Gozag.
  1904 | D:3      | Reached XP level 4. HP: 34/34 MP: 4/4
  2011 | D:3      | Found Pedink's Assorted Antiques.
  2137 | D:3      | Found a radiant altar of Vehumet.
  2583 | D:3      | Bought a scroll of identify for 60 gold pieces
  2583 | D:3      | Bought a scroll labelled ATYLUO MENG for 30 gold pieces
  2614 | D:4      | Found a hide-covered altar of Uskayaw.
  2656 | D:4      | Gained mutation: You have a somewhat thin skeletal
                  | structure. (Dex +2, Stealth+) [demonic ancestry]
  2656 | D:4      | Reached XP level 5. HP: 24/41 MP: 5/5
  2813 | D:4      | Found an iron altar of Okawaru.
  3028 | D:4      | Found a shadowy altar of Dithmenos.
  3187 | D:4      | Gained mutation: You have hoof-like feet. [demonic
                  | ancestry]
  3187 | D:4      | Reached XP level 6. HP: 38/47 MP: 6/6
  3626 | D:5      | Entered Level 5 of the Dungeon
  3730 | D:5      | Noticed a water moccasin
  3738 | D:5      | Killed a water moccasin
  3739 | D:5      | Gained mutation: You are mostly covered in sharp spines.
                  | [demonic ancestry]
  3739 | D:5      | Reached XP level 7. HP: 54/54 MP: 7/7
  4517 | D:6      | Noticed an angel
  4717 | D:6      | Reached skill level 5 in Polearms
  4811 | D:6      | Found a basalt altar of Yredelemnul.
  4813 | D:6      | Noticed a profane servitor
  4828 | D:6      | Reached skill level 5 in Fighting
  4828 | D:6      | Reached skill level 5 in Dodging
  4828 | D:6      | Reached XP level 8. HP: 62/62 MP: 8/8
  5102 | D:7      | Found a staircase to the Ecumenical Temple.
  5116 | Temple   | Entered the Ecumenical Temple
  5150 | Temple   | Became a worshipper of Hepliaklqana the Forgotten
  5434 | D:7      | Found a blossoming altar of Fedhas.
  6155 | D:8      | Reached skill level 5 in Armour
  6196 | D:8      | Reached XP level 9. HP: 69/69 MP: 9/9
  6200 | D:8      | Reached * piety under Hepliaklqana
  6537 | D:8      | Found an ancient bone altar of Kikubaaqudgha.
  6584 | D:8      | You fall into a shaft and drop 3 floors!
  6666 | D:11     | Found a staircase to the Lair.
  6667 | D:11     | Noticed a komodo dragon
  6687 | D:11     | Noticed a manticore
  6699 | D:11     | Killed a manticore
  6812 | D:11     | Mangled by a shadow

Illustrated notes

Levels and vault maps discovered:
D:1:      dpeg_arrival_simpleton_c, layout_basic, serial_shops, shop,
          shapermc_ecumenical_altar_venn, dk_noncrumbling_3, minmay_hedge_maze
D:2:      layout_loops_cross
D:3:      wad_pebble_path, layout_basic, nicolae_vehumet_altar_sigil,
          mainiacjoe_overflow_large_starburst, serial_shops, shop
D:4:      layout_cave_pods, mainiacjoe_overflow_small_starburst,
          nicolae_dithmenos_the_darkroom,
          nicolae_uskayaw_murder_on_the_dancefloor
D:5:      layout_loops_ring
D:6:      layout_cave_pools, grunt_temple_overflow_holy_war
D:7:      layout_basic, fedhas_altar_2, minmay_temple_entry_gardened_gates,
          due_unseen_surprise
D:8:      layout_cave_pools, old_standard_altar, minmay_misc_feat_hallway
D:11:     layout_loops_corners, david_lair_shrubbed,
          portal_ice_cave_entry_pillars_1, nzn_hepliaklqana_mist_gate
Temple:   hellmonk_temple_of_storms

Skill      XL: |  1  2  3  4  5  6  7  8 |
---------------+-------------------------+-----
Polearms       | 3 4 5 6 |  6.6
Dodging        | 3 4 5 6 |  6.6
Armour         | 1 2 3 4 5 |  5.8
Fighting       | 3 4 5 6 |  6.9
Throwing       | |  1.7

Action                     |  1- 3 |  4- 6 |  7- 9 || total
---------------------------+-------+-------+-------++-------
  Melee: Trident           |   104 |   138 |   188 ||   430
         Kick              |    15 |    29 |    40 ||    84
         Punch             |     1 |     1 |     1 ||     3
  Throw: Throwing net      |       |       |     1 ||     1
    Use: Scroll            |    11 |     5 |     5 ||    21
         Potion            |       |     1 |       ||     1
   Stab: Sleeping          |     2 |     4 |    11 ||    17
         Distracted        |       |     1 |     2 ||     3
 Armour: Leather armour    |    17 |    24 |    33 ||    74
  Dodge: Dodged            |    48 |    61 |    95 ||   204

Table legend: (Time is in decaauts)
 A = Elapsed time spent in this place.
 B = Non-inter-level travel time spent in this place.
 C = Inter-level travel time spent in this place.
 D = Time resting spent in this place.
 E = Time spent auto-exploring this place.
 F = Levels seen in this place.
 G = Mean time per level.
                   A        B        C        D        E       F      G
               +--------+--------+--------+--------+--------+-----+--------+
         Total |   6845 |   6653 |    192 |    197 |   5337 |  10 |  684.5 |
       Dungeon |   6790 |   6598 |    192 |    197 |   5306 |   9 |  754.4 |
        Temple |     55 |     55 |      0 |      0 |     31 |   1 |   55.0 |
               +--------+--------+--------+--------+--------+-----+--------+

Top non-repeatable levels by time:
     D:4: 1035 daAuts
     D:1: 1031 daAuts
     D:7: 947 daAuts
     D:3: 852 daAuts
     D:5: 755 daAuts
     D:2: 736 daAuts
     D:8: 607 daAuts
     D:6: 597 daAuts
    D:11: 225 daAuts
  Temple: 55 daAuts
